 Dungeon Crawl Stone Soup version 0.22.2-1-ge965b3a (webtiles) character file.

4300 smallpebble the Cleaver (level 10, -3/90 HPs)
             Began as a Hill Orc Fighter on Apr 6, 2019.
             Was a Priest of Qazlal.
             Slain by an angel
             ... wielding a +2 sacred scourge of holy wrath
              (21 damage)
             ... on level 7 of the Dungeon.
             The game lasted 00:46:36 (8867 turns).

smallpebble the Cleaver (Hill Orc Fighter)          Turns: 8867, Time: 00:46:36

Health: -3/90      AC: 15    Str: 21    XL:     10   Next: 32%
Magic:  10/10      EV: 26    Int:  8    God:    Qazlal [***...]
Gold:   89         SH: 15    Dex: 14    Spells: 9/9 levels left

rFire    . . .     SeeInvis .   L - +4 hand axe
rCold    . . .     Gourm    .   p - +0 shield
rNeg     . . .     Faith    .   T - +0 plate armour
rPois    .         Spirit   .   m - +0 helmet
rElec    .         Reflect  .   (no cloak)
rCorr    .         Harm     .   (no gloves)
MR       .....                  (no boots)
Stlth    ..........             S - amulet of the acrobat
HPRegen  0.25/turn              i - +2 ring of dexterity
MPRegen  0.12/turn              q - +4 ring of evasion

@: glowing
A: no striking features
a: Upheaval, Elemental Force, Renounce Religion


You were on level 7 of the Dungeon.
You worshipped Qazlal.
Qazlal was most pleased with you.
You were not hungry.

You visited 2 branches of the dungeon, and saw 9 of its levels.

You collected 469 gold pieces.
You spent 380 gold pieces at shops.

Inventory:

Hand Weapons
 a - a +0 war axe
 s - a +1 flail of crushing
 B - the +1 falchion of Mioleok {slice, rElec Dex+5}
   (You found it on level 4 of the Dungeon)

   It inflicts extra damage upon your enemies.
   It affects your dexterity (+5).
   It insulates you from electricity.
 G - the +0 flail "Bobemir" {elec, rN+++ Str-4 Int+2 SInv, unknown}
   (You found it on level 5 of the Dungeon)

   Occasionally, upon striking a foe, it will discharge some electrical energy
   and cause terrible harm.
   It affects your strength (-4).
   It affects your intelligence (+2).
   It renders you almost immune to negative energy.
   It lets you see invisible.
 I - a +1 war axe of electrocution
 K - a cursed -3 dagger
 L - a +4 hand axe (weapon)
 O - the +8 rapier "Xaokeowo" {pain, *Contam rPois rC++ Str+3}
   (You found it on level 6 of the Dungeon)

   In the hands of one skilled in necromantic magic, it inflicts extra damage on
   living creatures.
   It affects your strength (+3).
   It greatly protects you from cold.
   It protects you from poison.
   It causes magical contamination when unequipped.
 U - a +2 great sword
 V - a +4 war axe of freezing
Armour
 b - a +0 scale mail
 c - a +0 shield
 g - a +0 ring mail
 m - a +0 helmet (worn)
 o - a +0 chain mail
 p - a +0 shield (worn)
 y - a +0 chain mail
 T - a +0 plate armour (worn)
 X - a +0 plate armour
Jewellery
 i - a +2 ring of dexterity (left hand)
 j - an uncursed ring of protection from cold
 q - a +4 ring of evasion (right hand)
 u - an uncursed ring of ice
 S - an amulet of the acrobat (around neck)
Wands
 z - a wand of polymorph (13)
 C - a wand of iceblast (6)
 J - a wand of acid (13)
 Y - a wand of random effects (21)
 Z - a wand of digging (14)
Scrolls
 e - 4 scrolls of identify
 k - a scroll of magic mapping {unknown}
 l - 5 scrolls of remove curse
 n - 2 scrolls of noise {unknown}
 v - 2 scrolls of enchant armour {unknown}
 A - 2 scrolls of fear {unknown}
 E - a scroll of immolation {unknown}
 F - a scroll of random uselessness {unknown}
 H - a scroll of amnesia {unknown}
 N - 3 scrolls of fog {unknown}
 P - a scroll of enchant weapon {unknown}
 Q - a scroll of acquirement {unknown}
 W - a scroll of teleportation {unknown}
Potions
 d - a potion of might
 h - 2 potions of flight {unknown}
 r - 2 potions of heal wounds
 t - 3 potions of curing {unknown}
 w - 3 potions of cancellation {unknown}
 x - 2 potions of lignification {unknown}
 D - a potion of invisibility {unknown}
 M - a potion of haste {unknown}
 R - 2 potions of mutation {unknown}
Comestibles
 f - 6 rations


   Skills:
 + Level 8.7 Fighting
 + Level 9.9 Axes
 + Level 8.1 Armour
 + Level 4.4 Dodging
 + Level 7.9 Shields


You had 9 spell levels left.
You didn't know any spells.
Your spell library contained the following spells:

 Spells                   Type           Power        Failure   Level  Hunger
 Confusing Touch          Hex            #.....       100%        1    ##.....
 Magic Dart               Conj           #...         100%        1    ##.....
 Searing Ray              Conj           #.....       100%        2    ###....
 Confuse                  Hex            #.......     100%        3    ####...
 Dazzling Spray           Conj/Hex       #.....       100%        3    ####...
 Gell's Gravitas          Tloc           #.........   100%        3    ####...
 Force Lance              Conj/Tloc      #.......     100%        4    #####..
 Fulminant Prism          Conj/Hex       #.........   100%        4    #####..
 Iskenderun's Mystic Bla  Conj           #.......     100%        4    #####..
 Petrify                  Tmut/Erth      #.......     100%        4    #####..
 Metabolic Englaciation   Hex/Ice        #.........   100%        5    ######.
 Yara's Violent Unravell  Hex/Tmut       #.........   100%        5    ######.


Dungeon Overview and Level Annotations

Branches:
Dungeon (8/15)             Temple (1/1) D:5
   Lair: D:8-11

Altars:
Ashenzari
Cheibriados
Dithmenos
Elyvilon
Gozag
Hepliaklqana
Kikubaaqudgha
Makhleb
Nemelex Xobeh
Okawaru
Qazlal
Ru
Sif Muna
Uskayaw
Vehumet
Xom
Zin

Shops:
D:7 %   D:8 }


Message History

The angel hits you with a sacred scourge of holy wrath!
The angel hits you but does no damage.
The angel hits you with a sacred scourge of holy wrath!
You block the angel's attack.
You hit the angel.
The angel is lightly wounded.
The angel hits you with a sacred scourge of holy wrath!!
* * * LOW HITPOINT WARNING * * *
You block the angel's attack.
The angel is engulfed in blazing flames.
You block the angel's attack. x2
The angel is engulfed in blazing flames.
You block the angel's attack. x2
The angel is no longer covered in acid.
The angel misses you. You block the angel's attack. The angel misses you.
The angel completely misses you. The angel barely misses you.
The angel hits you but does no damage. You block the angel's attack. x2
The angel hits you with a sacred scourge of holy wrath!!
You die...

.......###.####..................
.(#>............##......######...
#.########..######..#...# ###.##
#.# ###.####...#....# #...## #.#
#.........##....####....# #.#
#........>............... #.###
####.##.#.........###..... ....#
##.......§................) ....#
#......#..@................
....###.###....A.........###....#
.........##.#.§#.........# #....#
.......#.................###.####
............................>....
.......####.###..(##########.....
###########...#...# #.####
##.....#.......#.## ##.####
##.............##..########......


You could see an angel.

Vanquished Creatures
  Pikel (D:6)
  A hippogriff (D:6)
  Menkaure (D:7)
  Duvessa (D:6)
  The ghost of kalagan the Magician, an amateur DEEE of Sif Muna (D:4)
  2 black bears
  3 orc warriors
  3 slaves (D:6)
  4 ice beasts
  3 phantoms
  An eye of draining (D:6)
  3 ogres
  2 centaurs
  A big kobold (D:8)
  A bullfrog (D:6)
  Dowan (D:6)
  2 scorpions
  4 killer bees (D:7)
  4 wights (D:7)
  4 crimson imps
  A centaur zombie (D:7)
  A hound (D:5)
  4 orc priests
  A bullfrog skeleton (D:8)
  2 centaur skeletons
  Crazy Yiuf (D:6)
  2 iguanas
  5 orc wizards
  4 worker ants
  2 hound skeletons
  A howler monkey zombie (D:8)
  A howler monkey skeleton (D:8)
  11 gnolls
  16 adders
  3 shadow imps
  An ooze (D:5)
  An adder zombie (D:5)
  An adder skeleton (D:6)
  5 worms
  5 leopard geckos
  24 orcs
  3 giant cockroaches
  2 hobgoblins
  14 jackals
  A quokka (D:3)
  2 ball pythons (D:3)
  3 bats
  2 frilled lizards
  9 goblins
  A jackal zombie (D:5)
  9 kobolds
  A quokka skeleton (D:5)
  6 rats
188 creatures vanquished.

Notes
Turn   | Place    | Note
-------+----------+-------------------------------------------
     0 | D:1      | smallpebble the Hill Orc Fighter began the quest for the
                  | Orb.
     0 | D:1      | Reached XP level 1. HP: 19/19 MP: 1/1
   157 | D:1      | Reached skill level 3 in Axes
   157 | D:1      | Reached XP level 2. HP: 25/27 MP: 2/2
   728 | D:2      | Reached skill level 4 in Axes
   728 | D:2      | Reached XP level 3. HP: 32/33 MP: 3/3
  1364 | D:2      | Reached skill level 5 in Axes
  1397 | D:2      | Reached XP level 4. HP: 40/40 MP: 4/4
  1415 | D:2      | Reached skill level 1 in Dodging
  2037 | D:3      | Reached XP level 5. HP: 45/46 MP: 5/5
  2490 | D:3      | Found a stormy altar of Qazlal.
  2495 | D:3      | Became a worshipper of Qazlal Stormbringer
  2967 | D:4      | Found a large runed door.
  2967 | D:4      | Found a large runed door.
  2967 | D:4      | Noticed kalagan's ghost (amateur DEEE)
  3034 | D:4      | Noticed an ogre
  3047 | D:4      | Killed an ogre
  3047 | D:4      | Reached XP level 6. HP: 36/52 MP: 6/6
  3290 | D:4      | Reached * piety under Qazlal
  3445 | D:4      | Got a bloodstained falchion
  3690 | D:4      | Identified the cursed +1 falchion of Mioleok {slice, rElec
                  | Dex+5} (You found it on level 4 of the Dungeon)
  3712 | D:4      | Killed kalagan's ghost
  3712 | D:4      | Reached XP level 7. HP: 43/60 MP: 7/7
  3749 | D:5      | Entered Level 5 of the Dungeon
  3749 | D:5      | Found a burning altar of Makhleb.
  3754 | D:5      | Reached skill level 6 in Axes
  3812 | D:5      | Reached skill level 5 in Fighting
  3946 | D:5      | Reached skill level 5 in Armour
  4060 | D:5      | Reached skill level 5 in Shields
  4060 | D:5      | Reached XP level 8. HP: 56/69 MP: 8/8
  4067 | D:5      | Found a staircase to the Ecumenical Temple.
  4090 | Temple   | Entered the Ecumenical Temple
  4381 | D:5      | Got a bone flail
  4417 | D:5      | Reached skill level 7 in Axes
  5058 | D:6      | Noticed Duvessa
  5066 | D:6      | Noticed Dowan
  5094 | D:6      | Killed Duvessa
  5263 | D:6      | Killed Dowan
  5271 | D:6      | Found a radiant altar of Vehumet.
  5607 | D:6      | Reached skill level 8 in Axes
  5622 | D:6      | Reached XP level 9. HP: 29/78 MP: 9/9
  6032 | D:6      | Reached ** piety under Qazlal
  6078 | D:6      | Found a runed door.
  6082 | D:6      | Noticed Crazy Yiuf
  6085 | D:6      | Killed Crazy Yiuf
  6153 | D:6      | Noticed Pikel
  6177 | D:6      | Killed Pikel
  6311 | D:6      | Got an iridescent rapier
  6312 | D:6      | Identified the +8 rapier "Xaokeowo" {pain, *Contam rPois
                  | rC++ Str+3} (You found it on level 6 of the Dungeon)
  6679 | D:7      | Noticed Menkaure
  6999 | D:7      | Reached skill level 9 in Axes
  7003 | D:7      | Killed Menkaure
  7522 | D:6      | Reached XP level 10. HP: 61/89 MP: 10/10
  7832 | D:7      | Found a stormy altar of Qazlal.
  8101 | D:7      | Found Qir Kig's Food Emporium.
  8223 | D:7      | Found a glowing silver altar of Zin.
  8224 | D:7      | Found a runed door.
  8224 | D:7      | Noticed an angel
  8739 | D:8      | Reached *** piety under Qazlal
  8748 | D:8      | Found Amoezu's Gadget Shop.
  8756 | D:8      | Bought a wand of digging (15) for 380 gold pieces
  8867 | D:7      | Slain by an angel

Skill      XL: |  1  2  3  4  5  6  7  8  9 10 |
---------------+-------------------------------+-----
Axes           | 3 4 5 6 8 9 |  9.9
Dodging        | 2 3 4 |  4.4
Fighting       | 4 5 6 8 |  8.7
Armour         | 4 5 6 7 8 |  8.1
Shields        | 4 5 6 7 |  7.9

Action                   |  1- 3 |  4- 6 |  7- 9 | 10-12 || total
-------------------------+-------+-------+-------+-------++-------
Melee: War axe           |    70 |   222 |   252 |       ||   544
       Falchion          |       |    15 |       |       ||    15
       Hand axe          |       |       |   164 |   135 ||   299
Evoke: Wand              |       |       |     7 |     5 ||    12
  Use: Scroll            |       |     4 |     4 |     1 ||     9
       Potion            |       |       |     1 |     1 ||     2
  Eat: Chunk             |     1 |     3 |     2 |       ||     6
       Ration            |     1 |     1 |     3 |     1 ||     6
Armor: Scale mail        |     7 |       |       |       ||     7
       Ring mail         |    14 |    40 |       |       ||    54
       Chain mail        |       |    13 |   126 |    12 ||   151
       Plate armour      |       |       |       |    20 ||    20
Dodge: Dodged            |    25 |   109 |   128 |    50 ||   312
Block: Shield            |    32 |   126 |   252 |   121 ||   531
       Rpst.: Falchion   |       |     2 |       |       ||     2
